 Dungeon Crawl Stone Soup version 0.28.0-53-g5a82cb258f (webtiles) character file.

Game seed: 2694351301201407817

18930 buhh the Warrior (level 13, -8/104 HPs)
             Began as a Formicid Hunter on June 21, 2022.
             Was an Elder of Hepliaklqana.
             Mangled by a culicivora (10 damage)
             ... on level 2 of the Lair of Beasts.
             The game lasted 00:30:41 (16950 turns).

buhh the Warrior (Formicid Hunter)                 Turns: 16950, Time: 00:30:42

Health: -8/104     AC:  8    Str: 30    XL:     13   Next: 0%
Magic:  13/13      EV: 12    Int: 11    God:    Hepliaklqana [****..]
Gold:   1062       SH:  0    Dex: 15    Spells: 12/12 levels left

rFire   . . .      SeeInvis +   a - +2 hunting sling
rCold   . . .      Faith    .   (no shield)
rNeg    . . .      Spirit   .   y - +1 steam dragon scales
rPois   .          Reflect  .   (helmet unavailable)
rElec   .          Harm     .   I - scarf {shadows}
rCorr   .          Rampage  .   Q - +1 pair of gloves
Will    +....                   (no boots)
Stlth   ++........              (no amulet)
HPRegen 0.27/turn               K - +6 ring of strength
MPRegen 0.13/turn               m - +6 ring of strength

@: studying Summonings
A: reduced essence, permanent stasis, dig shafts and tunnels, antennae 3, four
strong arms, claws 1
a: Dig, Shaft Self, Renounce Religion, Recall Ancestor, Ancestor Identity,
Transference, Idealise


You were on level 2 of the Lair of Beasts.
You worshipped Hepliaklqana.
Hepliaklqana was greatly pleased with you.
You visited 3 branches of the dungeon, and saw 16 of its levels.

You collected 1062 gold pieces.

Inventory:

Hand Weapons
 a - a +2 hunting sling (weapon)
 b - a +0 whip of electrocution
 k - a +0 short sword
 L - the +1 eveningstar of Nasum {vorpal, rF+ rC+ Int+4}
   (You took it off a centaur on level 8 of the Dungeon)

   It inflicts extra damage upon your enemies.
   Int:       It affects your intelligence (+4).
   rF:        It protects you from fire.
   rC:        It protects you from cold.
Missiles
 d - 14 sling bullets
 x - 13 boomerangs
 E - 17 poisoned darts
 P - 4 javelins
 T - 460 stones (quivered ammo)
Armour
 r - a +0 cloak
 y - +1 steam dragon scales (worn)
 I - a scarf of shadows (worn)
 Q - a +1 pair of gloves (worn)
 W - an orb of guile
Magical Staves
 e - a staff of death
 q - a staff of conjuration
 B - a staff of earth
 Z - a staff of air
Jewellery
 l - a +6 ring of intelligence
 m - a +6 ring of strength (right hand)
 n - a ring of resist corrosion
 A - a ring of see invisible
 K - a +6 ring of strength (left hand)
 M - a +6 ring of intelligence
 S - a ring of wizardry
 V - a ring of ice
Wands
 f - a wand of flame (3)
 j - a wand of iceblast (4)
 v - a wand of digging (5)
 D - a wand of acid (5)
 G - a wand of paralysis (12)
 H - a wand of polymorph (5)
Scrolls
 c - a scroll of blinking {!d}
 g - 3 scrolls of identify {!d}
 i - 5 scrolls of noise
 t - 3 scrolls of teleportation {!d}
 w - a scroll of silence {!r}
 C - a scroll of summoning
 X - 5 scrolls of amnesia
Potions
 h - 2 potions of berserk rage {!q}
 o - a potion of cancellation {unknown}
 p - 3 potions of brilliance {unknown}
 s - a potion of might {unknown}
 u - 2 potions of attraction
 z - 2 potions of degeneration
 F - a potion of invisibility {unknown}
 J - a potion of ambrosia {unknown}
 N - 2 potions of curing {!q!d}
 O - 4 potions of haste {!q!d}
 R - 2 potions of heal wounds {unknown}
 U - 4 potions of mutation {!d}


   Skills:
 * Level 15.4 Fighting
 - Level 15.0 Slings
 - Level 2.0 Dodging
 - Level 3.0 Stealth
 - Level 2.6 Hexes
 * Level 6.1 Summonings
 - Level 3.6 Ice Magic


You had 12 spell levels left.
You didn't know any spells.
Your spell library contained the following spells:

 Spells                   Type           Power      Damage    Failure   Level
 Summon Small Mammal      Summ           52%        N/A       3%          1
 Ozocubu's Armour         Ice            8%         N/A       24%         3
 Animate Skeleton         Necr           0%         N/A       34%         1
 Apportation              Tloc           0%         N/A       34%         1
 Beastly Appendage        Tmut           0%         N/A       34%         1
 Pain                     Necr           0%         1d4       34%         1
 Wereblood                Tmut           0%         N/A       47%         2
 Gell's Gravitas          Tloc           0%         N/A       71%         3
 Lesser Beckoning         Tloc           0%         N/A       71%         3
 Spider Form              Tmut/Pois      0%         N/A       71%         3
 Teleport Other           Tloc           0%         N/A       71%         3
 Vampiric Draining        Necr           0%         2d6       71%         3
 Manifold Assault         Tloc           0%         N/A       100%        5
 Ozocubu's Refrigeration  Ice            4%         4d5       100%        7
 Blink                    Tloc           Unusable   N/A       N/A         2

Dungeon Overview and Level Annotations

Branches:
Dungeon (11/15)            Temple (1/1) D:5            Lair (4/6) D:9
    Orc (0/2) D:9
  Swamp: Lair:2-4    Shoals: Lair:2-4     Snake: Lair:2-4    Spider: Lair:2-4

Altars:
Cheibriados
Dithmenos
Elyvilon
Fedhas
Gozag
Hepliaklqana
Kikubaaqudgha
Makhleb
Nemelex Xobeh
Okawaru
Qazlal
Sif Muna
Trog
Uskayaw
Wu Jian
Xom
Zin
The Shining One

Shops:
D:2 =

Annotations:
D:6 1 runed translucent door, Crazy Yiuf, Grinder
D:7 exclusion: centaur
Lair:1 1 runed translucent door, Agrostarius's ghost, novice DsBe
Lair:2 2 transporters, MiltankisOP's ghost, journeyman DECj


Innate Abilities, Weirdness & Mutations

Your life essence is reduced to manifest your ancestor. (-10% HP)
You cannot be hasted, slowed, berserked, paralysed or teleported.
You can dig through walls and to a lower floor.
You have a pair of large antennae on your head. (SInv)
Your four strong arms can wield two-handed weapons with a shield.
You have sharp fingernails.


Message History

You shoot a stone. Senakhtenre avoids your attack.
The stone misses the culicivora.
The culicivora bites Senakhtenre!
Senakhtenre is destroyed!
You shoot a stone. The stone misses the culicivora.
You shoot a stone. The stone hits the culicivora.
The culicivora is lightly wounded.
The culicivora's wounds heal themselves!
You shoot a stone. The stone hits the culicivora!
The culicivora is lightly wounded.
The culicivora is healed somewhat.
You shoot a stone. The stone hits the culicivora!
The culicivora is almost dead.
The culicivora bites you!
The culicivora draws strength from your injuries!
The culicivora bites you!!
The culicivora draws strength from your injuries!
You shoot a stone. The stone hits the culicivora.
The culicivora is almost dead.
The culicivora bites you!
The culicivora draws strength from your injuries!
The culicivora bites you!!
The culicivora draws strength from your injuries!
Are you sure you want to shaft yourself?
The culicivora bites you.
The culicivora draws strength from your injuries!
The culicivora bites you!!
* * * LOW HITPOINT WARNING * * *
The culicivora draws strength from your injuries!
The culicivora bites you!
* * * LOW HITPOINT WARNING * * *
The culicivora draws strength from your injuries!
You begin to dig a shaft.
You continue digging a shaft.
The culicivora bites you!
* * * LOW HITPOINT WARNING * * *
The culicivora draws strength from your injuries!
The culicivora bites you.
* * * LOW HITPOINT WARNING * * *
The culicivora draws strength from your injuries!
The culicivora bites you!
You die...

...<.....# ^..(##...........###
.........####°^.s^##.........####
..........#.##^.s.(##.......## #.
............## #.^(.......##.####
...........#.# ###.......####.###
............## ##...(.## #..PP
.........P#..######...#.# ###....
.........P#.#.#Ps#(..#.####......
#........###....@s..#### #P......
##.......# #....##...### #.......
###..>.## #..#####....# ##<.....
#..####...## ###..#####..... ####
#P.## ##...###..... #..
##...##..... #.# #....#..... ..
#PP#.##.... P. #####......


You could see 2 culicivoras.

Vanquished Creatures
  Fannar (Lair:2)
  Harold (Lair:2)
  2 hydras (Lair:1)
  A two-headed ogre (D:9)
  Nergalle (Lair:1)
  A cyclops (D:11)
  3 black mambas (Lair:3)
  5 cane toads
  An unseen horror (D:8)
  Maggie (D:6)
  A rime drake (Lair:4)
  A komodo dragon (Lair:1)
  A slime creature (D:8)
  4 blink frogs (Lair:4)
  A blink frog (shapeshifter) (D:8)
  4 dream sheep (Lair:4)
  9 yaks
  4 steam dragons
  A basilisk (Lair:1)
  A wraith (D:7)
  A wyvern (Lair:1)
  A redback (Lair:2)
  5 water moccasins
  An orc warrior (D:8)
  2 black bears
  2 sky beasts (D:5)
  A centaur (D:10)
  4 ogres
  3 scorpions
  9 bullfrogs
  A water moccasin zombie (D:5)
  A wight (D:8)
  3 howler monkeys
  3 centaur zombies
  3 bullfrog zombies
  3 hounds
  A jelly (D:5)
  An orc priest (D:4)
  A bullfrog skeleton (D:4)
  2 gnoll shamans
  4 iguanas
  3 centaur skeletons (D:7)
  5 orc wizards
  A hound skeleton (D:5)
  2 howler monkey zombies (D:9)
  12 gnolls
  6 adders
  2 white imps (D:7)
  3 ufetubi
  2 adder skeletons (D:4)
  A dart slug (D:4)
  34 orcs
  6 endoplasms
  A giant cockroach (D:2)
  7 goblins
  3 hobgoblins
  4 jackals (D:2)
  5 quokkas
  5 ball pythons
  5 bats
  2 frilled lizards
  11 kobolds
  6 rats
222 creatures vanquished.

Vanquished Creatures (collateral kills)
  Gastronok (Lair:2)
  A two-headed ogre (D:7)
  A komodo dragon (Lair:2)
  2 blink frogs (Lair:3)
  A dream sheep (Lair:4)
  4 yaks (Lair:1)
  A basilisk (Lair:4)
  An acid dragon (D:9)
  2 water moccasins
  A sky beast (D:7)
  An orc warrior (D:9)
  A necrophage (D:8)
  A centaur (D:8)
  A kobold brigand (D:8)
  A bullfrog (Lair:1)
  A howler monkey (D:9)
  An orc wizard (D:9)
  2 orcs (D:9)
24 creatures vanquished.

Vanquished Creatures (others)
  3 ancestors
  4 knights
  4 fungi
  12 plants
23 creatures vanquished.

Grand Total: 269 creatures vanquished

Notes
Turn   | Place    | Note
-------+----------+-------------------------------------------
     0 | D:1      | buhh the Formicid Hunter began the quest for the Orb.
     0 | D:1      | Reached XP level 1. HP: 16/16 MP: 1/1
   125 | D:1      | Reached XP level 2. HP: 23/23 MP: 2/2
   924 | D:2      | Reached XP level 3. HP: 28/28 MP: 3/3
  1087 | D:2      | Found Suorreli's Jewellery Shop.
  1357 | D:2      | Found a faded altar of an unknown god.
  1376 | D:2      | Found a shadowy altar of Dithmenos.
  1606 | D:3      | Reached XP level 4. HP: 35/35 MP: 4/4
  1654 | D:2      | Gained mutation: You have sharp fingernails. [potion of
                  | mutation]
  2245 | D:2      | You fall into a shaft and drop 1 floor!
  2446 | D:3      | Found an ornate altar of the Wu Jian Council.
  2760 | D:3      | Reached XP level 5. HP: 37/41 MP: 5/5
  3604 | D:4      | Noticed an ogre
  3609 | D:4      | Killed an ogre
  3610 | D:4      | Reached XP level 6. HP: 50/50 MP: 6/6
  4074 | D:4      | Noticed a black bear
  4080 | D:4      | Killed a black bear
  4081 | D:4      | Reached XP level 7. HP: 56/56 MP: 7/7
  4420 | D:5      | Entered Level 5 of the Dungeon
  4743 | D:5      | Reached XP level 8. HP: 32/65 MP: 8/8
  4981 | D:5      | Found a staircase to the Ecumenical Temple.
  5040 | Temple   | Entered the Ecumenical Temple
  5231 | Temple   | Became a worshipper of Hepliaklqana the Forgotten
  6574 | D:6      | Reached XP level 9. HP: 72/73 MP: 9/9
  6696 | D:6      | Noticed Maggie
  6703 | D:6      | Killed Maggie
  6982 | D:6      | Noticed Grinder
  7800 | D:6      | Found a runed translucent door.
  7801 | D:6      | Noticed Crazy Yiuf
  7993 | D:7      | Reached * piety under Hepliaklqana
  8936 | D:8      | Found an ornate altar of the Wu Jian Council.
  8938 | D:8      | Found a shadowy altar of Dithmenos.
  8938 | D:8      | Found a shimmering blue altar of Sif Muna.
  8938 | D:8      | Found a hide-covered altar of Uskayaw.
  9008 | D:8      | Noticed a blink frog
  9019 | D:8      | Killed a blink frog
  9020 | D:8      | Reached XP level 10. HP: 68/76 MP: 10/10
  9261 | D:8      | Noticed a cyclops
  9335 | D:8      | Reached skill level 11 in Slings
  9370 | D:8      | Noticed a two-headed ogre
  9404 | D:7      | You fall into a shaft and drop 1 floor!
  9406 | D:8      | Identified the +1 eveningstar of Nasum {vorpal, rF+ rC+
                  | Int+4}
  9411 | D:8      | You fall into a shaft and drop 3 floors!
  9741 | D:11     | Noticed a cyclops
  9762 | D:11     | Killed a cyclops
  9803 | D:10     | Entered Level 10 of the Dungeon
  9818 | D:10     | Reached ** piety under Hepliaklqana
  9819 | D:10     | Remembered your ancestor Senakhtenre as a knight
 10211 | D:9      | Noticed a two-headed ogre
 10232 | D:9      | Killed a two-headed ogre
 10233 | D:9      | Reached skill level 11 in Fighting
 10976 | D:7      | Killed a two-headed ogre
 10977 | D:7      | Reached XP level 11. HP: 60/85 MP: 11/11
 11852 | D:9      | Found a staircase to the Orcish Mines.
 12090 | D:9      | Found a staircase to the Lair.
 12340 | D:10     | Reached *** piety under Hepliaklqana
 12520 | Lair:1   | Entered Level 1 of the Lair of Beasts
 12686 | Lair:1   | Noticed Agrostarius's ghost (novice DsBe)
 12920 | Lair:1   | Noticed a four-headed hydra
 12928 | Lair:1   | Killed a four-headed hydra
 13033 | Lair:1   | Found a runed translucent door.
 13075 | Lair:1   | Noticed a four-headed hydra
 13083 | Lair:1   | Killed a four-headed hydra
 13126 | Lair:1   | Reached skill level 15 in Slings
 13613 | Lair:1   | Noticed Nergalle
 13628 | Lair:1   | Killed Nergalle
 13629 | Lair:1   | Reached XP level 12. HP: 80/92 MP: 12/12
 14036 | Lair:2   | Noticed Fannar
 14057 | Lair:2   | Killed Fannar
 14182 | Lair:2   | Noticed Gastronok
 14198 | Lair:2   | Killed Gastronok
 14227 | Lair:2   | Found a transporter.
 14231 | Lair:2   | Found a transporter.
 14231 | Lair:2   | Noticed MiltankisOP's ghost (journeyman DECj)
 14233 | Lair:2   | Noticed a four-headed hydra
 14349 | Lair:2   | Reached **** piety under Hepliaklqana
 14370 | Lair:2   | Noticed Harold
 14382 | Lair:2   | Killed Harold
 14882 | Lair:2   | You fall into a shaft and drop 2 floors!
 15386 | Lair:4   | Identified a scroll of acquirement
 15390 | Lair:4   | Acquired a manual of Summonings
 15574 | Lair:4   | Reached skill level 15 in Fighting
 16298 | Lair:3   | Identified the +4 war axe "Tormentor" {freeze, +Blink rElec
                  | rF- Int+3}
 16865 | Lair:3   | Reached XP level 13. HP: 104/104 MP: 13/13
 16950 | Lair:2   | HP: 2/104 [culicivora (4)]
 16950 | Lair:2   | Mangled by a culicivora

Illustrated notes

Levels and vault maps discovered:
D:1:      dpeg_arrival_shrine, layout_loops_ring
D:2:      layout_basic, serial_shops, nicolae_shop_hallway_plus, basic_altar,
          ebering_ecumenical_altar_webs
D:3:      layout_loops_ring, nicolae_wu_jian_wuxing_cycle
D:4:      layout_rooms, serial_co_window_serial, co_window_corner_a,
          co_window_corner_a, co_window_corner_a, co_window_of_opportunity_a,
          co_window_paths_b, co_window_of_opportunity_a,
          co_window_of_opportunity_c, co_window_corner_b, co_window_corner_b,
          co_window_broadway_a, co_window_unsneaky_path_e, co_window_corner_ca,
          co_window_paths_c, co_window_4corner_b
D:5:      minmay_diamond_boxcup, layout_basic,
          minmay_temple_entry_drinking_statues, serial_bayou_pond_b
D:6:      layout_basic, uniq_maggie, uniq_crazy_yiuf_cottage, uniq_grinder
D:7:      minmay_chambers_of_sixes, layout_cave_pods, serial_glass,
          glass_columns_b, glass_columns_c, glass_columns_a, glass_columns_b,
          item_on_display_a, due_unseen_surprise, item_on_display_b,
          corexii_corridor_pit
D:8:      minmay_the_grid_octo_tiled_squarecenter
          [minmay_the_grid_octo_checkerflower,
          minmay_the_grid_octo_thin_diamonds, minmay_the_grid_octo_toaster,
          minmay_the_grid_octo_shrine,
          minmay_the_grid_square_5x5_megaprize_open,
          minmay_the_grid_square_5x5_v, minmay_the_grid_square_5x5_empty,
          minmay_the_grid_square_5x5_half_checkered,
          minmay_the_grid_square_5x5_almost_minimal], layout_cave_pods,
          lightli_orcish_oven
D:9:      layout_loops_ring, lair_entry_dummy, david_orc_2
D:10:     layout_roguey
D:11:     layout_irregular_city, hellmonk_guarded_unrand_seven_league_boots,
          uniq_josephine
Temple:   roderic_octagonal_lattice_temple
Lair:1:   layout_hall_layers, hellmonk_ghost_happy_afterlife, lemuel_fruit_tree,
          serial_bayou_shore_b, infiniplex_staircase_pool_2,
          lemuel_fruit_fields, uniq_nergalle
Lair:2:   layout_cave_pods, spider_nest_entry_funnel_web, gammafunk_ghost_arena,
          uniq_harold, uniq_fannar, uniq_gastronok
Lair:3:   layout_regular_city, minmay_swamp_entry_swarm
Lair:4:   layout_cave_pods, infiniplex_staircase_pool, grunt_megastairs_5

Skill      XL: |  1  2  3  4  5  6  7  8  9 10 11 12 |
---------------+-------------------------------------+-----
Dodging        | 2 |  2.0
Stealth        | 2 3 |  3.0
Fighting       | 3 4 5 6 7 9 12 15 | 15.4
Slings         | 5 6 7 8 10 12 15 | 15.0
Ice Magic      | 2 3 |  3.6
Hexes          | 2 |  2.6
Summonings     | 6 |  6.1

Action                   |  1- 3 |  4- 6 |  7- 9 | 10-12 | 13-15 || total
-------------------------+-------+-------+-------+-------+-------++-------
Melee: Whip              |     6 |    11 |       |       |       ||    17
 Fire: Hunting sling     |   112 |   156 |   346 |   588 |    12 ||  1214
Throw: Dart              |       |       |       |    14 |       ||    14
Invok: Recall Ancestor   |       |       |       |     3 |       ||     3
       Ancestor Life: Kn |       |       |       |     1 |       ||     1
       Ancestor Identity |       |       |       |     1 |       ||     1
       Transference      |       |       |       |     1 |       ||     1
 Abil: Shaft Self        |       |     1 |       |     3 |     1 ||     5
       Dig               |       |       |     3 |     1 |       ||     4
Evoke: Wand              |       |       |     7 |       |       ||     7
  Use: Potion            |       |     3 |       |     1 |       ||     4
       Scroll            |       |       |    10 |     8 |       ||    18
 Stab: Sleeping          |     1 |       |       |       |       ||     1
Armor: Leather armour    |    10 |    12 |    14 |       |       ||    36
       Skin              |       |     8 |       |       |       ||     8
       Steam dragon scal |       |       |    12 |    25 |       ||    37
Dodge: Dodged            |    36 |    51 |    57 |    39 |       ||   183
